AoeStats
← | CZK | JasuStrychar27

Arabia

504685467Analyzed
1v1 RM · 27d ago on Sep 6, 2026· 51m 22s· 2 players
Game mode
Random Map
Map size
Tiny (2 player)
Population
200
Speed
Normal
Resources
Standard
Victory
Conquest
Starting age
Dark Age
Ending age
Imperial Age
RankedLock teamsTeams togetherTeam positionsShared explorationLock speedFull tech treeHidden civsTurbo modeCheats
Victory
Defeat
🇦🇷 Armenians · Argentina
1010
+18
🇩🇪 Byzantines · Germany
1050
-18
ilja10
7:32 Loom
9:51 Feudal Age
10:34 Double-Bit Axe
12:01 Horse Collar
19:30 Forging
19:26 Scale Barding Armor
24:22 Castle Age
22:34 Gold Mining
23:27 Fletching
24:16 Padded Archer Armor
25:46 Bow Saw
25:40 Heavy Plow
26:33 Wheelbarrow
27:38 Chain Barding Armor
31:34 Fervor
31:29 Bodkin Arrow
32:02 Elite Skirmisher
35:09 Leather Archer Armor
39:20 Ballistics
40:48 Gold Shaft Mining
40:04 Stone Mining
45:58 Redemption
45:12 Crossbowman
46:52 Sanctity
47:04 Scale Mail Armor
47:39 Iron Casting
47:03 Pikeman
48:03 Arson
48:19 Squires
49:24 Chain Mail Armor
50:40 Light Cavalry
51:24 Husbandry
| CZK | JasuStrychar27
6:55 Loom
10:22 Feudal Age
10:36 Man-at-Arms
12:10 Long Swordsman
18:07 Double-Bit Axe
18:03 Horse Collar
18:22 Gold Mining
24:21 Castle Age
22:19 Arson
22:38 Gold Mining
23:40 Scale Mail Armor
23:50 Forging
24:32 Two-Handed Swordsman
24:58 Gambesons
25:14 Squires
25:20 Squires
28:03 Chain Mail Armor
38:08 Horse Collar
40:46 Bloodlines
41:40 Scale Barding Armor
42:18 Husbandry
44:50 Chain Barding Armor
45:08 Iron Casting
45:50 Stone Mining
49:22 Imperial Age
48:05 Wheelbarrow
47:16 Town Watch
48:24 Chain Barding Armor
47:41 Champion
49:28 Wheelbarrow
48:40 Town Watch
49:37 Bow Saw
49:23 Stone Mining
50:30 Cavalier
Connection lost

Rejoining the realm…

Still unreachable

The connection could not be restored.

Session expired

The server has moved on; the page needs a fresh start.